 Dungeon Crawl Stone Soup version 0.25.1-2-g60ff931df9 (webtiles) character file.

Game seed: 7285843581257156043

748 DearestLeader the Destroyer (level 7, 0/50 HPs)
             Began as a White Draconian Conjurer on Sept 29, 2020.
             Slain by a hound skeleton (2 damage)
             ... on level 5 of the Dungeon.
             The game lasted 00:07:53 (4182 turns).

DearestLeader the Destroyer (DrCj)                  Turns: 4182, Time: 00:07:53

Health: 0/50       AC:  9    Str: 10    XL:     7   Next: 48%
Magic:  3/11       EV: 12    Int: 17    God:
Gold:   203        SH:  0    Dex: 12    Spells: 5/12 levels left

rFire    . . .     SeeInvis .   e - +0 whip (venom)
rCold    + . .     Gourm    .   (no shield)
rNeg     . . .     Faith    .   (armour unavailable)
rPois    .         Spirit   .   (helmet restricted)
rElec    .         Reflect  .   h - +0 cloak
rCorr    .         Harm     .   a - +1 pair of gloves
MR       .....                  (no boots)
Stlth    ++........             (no amulet)
HPRegen  0.16/turn              (no ring)
MPRegen  0.12/turn              (no ring)

@: lethally poisoned (0 -> -2)
A: breathe frost, unfitting armour, cold resistance 1, cold-blooded, AC +6
a: Breathe Frost


You were on level 5 of the Dungeon.
You were hungry.

You visited 1 branch of the dungeon, and saw 5 of its levels.

You collected 203 gold pieces.

Inventory:

Hand Weapons
 e - a +0 whip of venom (weapon)
Armour
 a - a +1 pair of gloves (worn)
 h - a +0 cloak (worn)
Wands
 q - a wand of flame (14)
 s - a wand of paralysis (9)
Scrolls
 c - 4 scrolls of identify {unknown}
 d - 5 scrolls of amnesia {unknown}
 f - 4 scrolls of magic mapping {unknown}
 g - 2 scrolls of fog {unknown}
 k - a scroll of random uselessness {unknown}
 l - 4 scrolls of teleportation {unknown}
 m - 2 scrolls of fear {unknown}
 p - 5 scrolls of remove curse {unknown}
 r - a scroll of noise {unknown}
Potions
 i - 2 potions of stabbing {unknown}
 j - a potion of invisibility {unknown}
 n - a potion of haste {unknown}
 o - 3 potions of degeneration {unknown}
Comestibles
 b - 10 rations


   Skills:
 - Level 1.7 Dodging
 - Level 1.7 Stealth
 + Level 3.1 Spellcasting
 * Level 8.9 Conjurations


You had 5 spell levels left.
You knew the following spells:

 Your Spells              Type           Power        Failure   Level  Hunger
a - Magic Dart            Conj           ####         1%          1    None
b - Searing Ray           Conj           ####..       1%          2    ##.....
c - Fulminant Prism       Conj/Hex       ###.......   26%         4    ####...

Your spell library contained the following spells:

 Spells                   Type           Power        Failure   Level  Hunger
 Dazzling Flash           Conj/Hex       ###...       9%          3    ###....
 Iskenderun's Mystic Bla  Conj/Tloc      ###.....     26%         4    ####...


Dungeon Overview and Level Annotations

Branches:
Dungeon (5/15)
 Temple: D:4-7

Altars:
Fedhas
Okawaru
Xom
Yredelemnul

Shops:
D:4 (


Innate Abilities, Weirdness & Mutations

You can breathe waves of freezing cold.
You can buffet flying creatures when you breathe cold.
Your icy white scales are hard. (AC +6)
You cannot fit into any form of body armour.
Your flesh is cold resistant. (rC+)
You are cold-blooded and may be slowed by cold attacks.


Message History

The hound skeleton is moderately damaged.
The hound skeleton closely misses you.
You hit the hound skeleton.
You tail-slap the hound skeleton, but do no damage.
The hound skeleton is heavily damaged.
The hound skeleton bites you but does no damage.
You hit the hound skeleton.
The hound skeleton is severely damaged.
You feel sick. The hound skeleton barely misses you.
The hound skeleton bites you.
* * * LOW HITPOINT WARNING * * *
You hit the hound skeleton.
The hound skeleton is severely damaged.
The hound skeleton closely misses you.
You completely miss the hound skeleton.
The hound skeleton is severely damaged.
The hound skeleton bites you.
* * * LOW HITPOINT WARNING * * *
The hound skeleton bites you.
You die...

#..................
#..................
#..................
#..................
#.......###......
#.......# ......
#..)....#########
#.Z...........
#@............
#.....###.....
#.....# #####
#.....# ###.#.#
#.#.# #.#.# #.#.#


You could see a hound skeleton.

Vanquished Creatures
  Grinder (D:4)
  Menkaure (D:4)
  A phantom (D:2)
  A scorpion (D:4)
  A howler monkey (D:5)
  Jessica (D:2)
  An iguana (D:5)
  A worker ant (D:5)
  3 gnolls (D:3)
  9 adders
  2 oozes
  An adder skeleton (D:4)
  A worm (D:4)
  2 dart slugs (D:1)
  4 leopard geckos
  An orc (D:5)
  2 ball pythons (D:2)
  5 bats
  5 giant cockroaches
  7 goblins
  5 hobgoblins
  8 jackals
  3 quokkas
  5 frilled lizards
  A jackal skeleton (D:4)
  7 kobolds
  6 rats
85 creatures vanquished.

Notes
Turn   | Place    | Note
-------+----------+-------------------------------------------
     0 | D:1      | DearestLeader the Draconian Conjurer began the quest for
                  | the Orb.
     0 | D:1      | Reached XP level 1. HP: 14/14 MP: 3/3
   249 | D:1      | Reached XP level 2. HP: 14/20 MP: 5/5
   769 | D:1      | Learned a level 2 spell: Searing Ray
   837 | D:1      | Reached skill level 5 in Conjurations
  1026 | D:2      | Reached XP level 3. HP: 26/26 MP: 2/6
  1329 | D:2      | Noticed Jessica
  1341 | D:2      | Killed Jessica
  1341 | D:2      | Reached XP level 4. HP: 24/33 MP: 7/7
  1681 | D:2      | Noticed a phantom
  1756 | D:2      | Killed a phantom
  1756 | D:2      | Reached skill level 6 in Conjurations
  1756 | D:2      | Reached XP level 5. HP: 26/38 MP: 0/8
  2034 | D:2      | Found a blossoming altar of Fedhas.
  2309 | D:3      | Found a shimmering altar of Xom.
  2310 | D:3      | Found a shimmering altar of Xom.
  2310 | D:3      | Found a shimmering altar of Xom.
  2316 | D:3      | Found a shimmering altar of Xom.
  2318 | D:3      | Found a shimmering altar of Xom.
  2417 | D:3      | Found an iron altar of Okawaru.
  2479 | D:3      | Reached skill level 7 in Conjurations
  2788 | D:3      | Reached XP level 6. HP: 43/45 MP: 9/9
  2813 | D:3      | Found a basalt altar of Yredelemnul.
  3079 | D:4      | Noticed Menkaure
  3083 | D:4      | Killed Menkaure
  3222 | D:4      | Reached skill level 8 in Conjurations
  3255 | D:4      | Learned a level 4 spell: Fulminant Prism
  3373 | D:4      | Noticed Grinder
  3398 | D:4      | Killed Grinder
  3398 | D:4      | Your scales start taking on an icy white colour.
  3398 | D:4      | Reached XP level 7. HP: 42/50 MP: 2/10
  3398 | D:4      | Gained mutation: Your flesh is cold resistant. (rC+) [White
                  | Draconian growth]
  3783 | D:4      | Found Xeci Boc's Weapon Emporium.
  4119 | D:5      | Entered Level 5 of the Dungeon
  4182 | D:5      | HP: 2/50 [hound skeleton (3)]
  4182 | D:5      | Slain by a hound skeleton

Illustrated notes

Levels and vault maps discovered:
D:1:      dpeg_arrival_orchard, layout_basic
D:2:      layout_basic, overflow_temple_1_default, dk_noncrumbling_2,
          uniq_jessica
D:3:      layout_basic, overflow_temple_1_default,
          nicolae_overflow_hidden_temple, first_ration, xom_redecorated
D:4:      layout_loops_cross, serial_shops, shop, kennysheep_generic_room_12,
          uniq_grinder, uniq_menkaure
D:5:      layout_basic, lemuel_blue_sif_altar, minmay_temple_entry_offerings,
          minmay_manual_moon

Skill      XL: |  1  2  3  4  5  6  7 |
---------------+----------------------+-----
Conjurations   | 5 6 7 8 |  8.9
Spellcasting   | 3 |  3.1
Dodging        | |  1.7
Stealth        | |  1.7

Action                   |  1- 3 |  4- 6 |  7- 9 || total
-------------------------+-------+-------+-------++-------
Melee: Unarmed           |     6 |       |       ||     6
       Whip              |    71 |   107 |    30 ||   208
       Tailslap          |     9 |     5 |     4 ||    18
       Short sword       |     1 |       |       ||     1
 Cast: Magic Dart        |    10 |    10 |       ||    20
       Searing Ray       |     1 |    13 |     4 ||    18
 Abil: Breathe Frost     |       |       |     1 ||     1
 Stab: Sleeping          |     1 |     2 |       ||     3
  Eat: Chunk             |     2 |     6 |       ||     8
       Ration            |       |       |     1 ||     1
Armor: Skin              |    26 |    45 |    23 ||    94
Dodge: Dodged            |    61 |    80 |    29 ||   170
